 Dungeon Crawl Stone Soup version 0.32-a0-685-g93135e86f0 (webtiles) character file.

Game seed: 11967817227437696652

4 Griffin23 the Shield-Bearer (level 1, 0/2 HPs)
             Began as a Minotaur Fighter on Mar 12, 2024.
             Slain by a bat (1 damage)
             ... on level 1 of the Dungeon.
             The game lasted 00:01:47 (92 turns).

Griffin23 the Shield-Bearer (Minotaur Fighter)        Turns: 92, Time: 00:01:48

Health: 0/2        AC:  1    Str: 20    XL:     1   Next: 50%
Magic:  0/0        EV:  9    Int:  5    God:
Gold:   11         SH:  0    Dex:  9    Spells: 0/0 levels left

rFire   . . .        a - melded +0 long sword
rCold   . . .        c - melded +0 buckler
rNeg    . . .        b - +0 scale mail
rPois   .            (helmet restricted)
rElec   .            (no cloak)
rCorr   .            (gloves currently unavailable)
SInv    .            (no boots)
Will    .....        (no amulet) Stlth
                     (no ring)
HPRegen 0.20/turn    (no ring)
MPRegen 0.07/turn

%: no passive effects
@: blade hands
A: reduced hp, horns 2, retaliatory headbutt
a: Begin Untransformation


You were on level 1 of the Dungeon.
You had blades for hands.
You visited 1 branch of the dungeon, and saw 2 of its levels.

You collected 11 gold pieces.

Inventory:

Hand Weapons
 a - a +0 long sword (melded)
Armour
 b - a +0 scale mail (worn)
 c - a +0 buckler (melded)
Talismans
 e - a blade talisman (active)
Potions
 d - a potion of might


   Skills:
 + Level 3.7 Fighting
 + Level 2.4 Long Blades
 + Level 3.7 Armour
 + Level 3.8 Shields


You couldn't memorise any spells.
You didn't know any spells.
Your spell library was empty.

Dungeon Overview and Level Annotations

Branches:
Dungeon (2/15)

Altars:


Innate Abilities, Weirdness & Mutations

You have blades for hands.
Your maximum health is decreased, since you lack skill for your form.
You are incapable of wielding weapons or throwing items.
You have a pair of horns on your head.
You reflexively headbutt those who attack you in melee.


Message History

There are monsters nearby!
There are monsters nearby!
You hit the rat.
You kill the rat!
A rat comes into view.
The rat squeaks loudly.
You slash the hobgoblin!
You kill the hobgoblin!
Things that are here:
a hobgoblin corpse; a rat corpse
Found a gold piece.
The rat closely misses you.
You hit the rat.
You kill the rat!
No target in view!
You see here a blade talisman.
e - a blade talisman Sorry, you're not good enough to have a special ability.
You begin transforming.
You continue transforming. x3
Your hands turn into razor-sharp scythe blades.
Your +0 long sword melds into your body.
Your +0 buckler melds into your body.
HP restored.
You now have 11 gold pieces (gained 1).
You open the door.
There is an open door here.
A bat comes into view.
The bat hits you but does no damage.
You barely miss the bat. The bat completely misses you.
No target in view!
No target in view!
The bat hits you.
Ouch! That really hurt!
A bat is nearby!
You are too injured to fight recklessly!
You are too injured to fight recklessly!
You are too injured to fight recklessly!
You are too injured to fight recklessly!
You completely miss the bat. The bat hits you.
Ouch! That really hurt!
You die...

#.........# #.≈....≈=....
###....#### #.≈.<⌠.≈.!...
#.#### #.≈....§..... ###.#
#.#....#.)... ....########
####≈≈###≈≈## .###.......#
..... ...# #.#####.#
#.....≈ ..≈ .###†#
#.#######...(.≈. .≈
.....#####.##...@#.....≈..
###........##.##b#.....#...
#.†..######.##.......##≈≈#
#....'......##...#
##...#########...# #...#
#.### #...# #.. #...# #..
#...#


You could see a bat.

Vanquished Creatures
  A hobgoblin (D:1)
  A quokka (D:1)
  2 rats (D:1)
4 creatures vanquished.

Notes
Turn   | Place    | Note
-------+----------+-------------------------------------------
     0 | D:1      | Griffin23 the Minotaur Fighter began the quest for the Orb.
     0 | D:1      | Reached XP level 1. HP: 19/19 MP: 0/0
     7 | D:1      | You fall into a shaft and drop 1 floor!
    92 | D:1      | Slain by a bat

Illustrated notes

Levels and vault maps discovered:
D:1:      dpeg_arrival_rooms_with_view, layout_basic,
          shapermc_ecumenical_altar_gd
D:2:      layout_basic

Action                     || total
---------------------------++-------
  Melee: Long sword        ||     4
         Unarmed           ||     2
 Armour: Scale mail        ||     3
  Dodge: Dodged            ||     3
  Block: Buckler           ||     1
   Form: Blade             ||     1

Table legend: (Time is in decaauts)
 A = Elapsed time spent in this place.
 B = Non-inter-level travel time spent in this place.
 C = Inter-level travel time spent in this place.
 D = Time resting spent in this place.
 E = Time spent auto-exploring this place.
 F = Levels seen in this place.
 G = Mean time per level.
                   A        B        C        D        E       F      G
               +--------+--------+--------+--------+--------+-----+--------+
         Total |     92 |     92 |      0 |      0 |     38 |   2 |   46.0 |
       Dungeon |     92 |     92 |      0 |      0 |     38 |   2 |   46.0 |
               +--------+--------+--------+--------+--------+-----+--------+

Top non-repeatable levels by time:
     D:1: 69 daAuts
     D:2: 22 daAuts
